 Dungeon Sprint DCSS version 0.24-a0-250-g6074511092 (webtiles) character file.

Game seed: 13870869565364871194

7300000 Redear the Conqueror (level 27, -76/249 HPs)
             Began as a Demonspawn Warper on Apr 15, 2019.
             Was the Champion of Makhleb.
             Annihilated by a sculptor of flesh
             ... wielding a +9 great sword
              (202 damage)
             ... in the Dungeon (Sprint VIII: "Arena of Blood").
             The game lasted 00:02:05 (73 turns).

Redear the Conqueror (Demonspawn Warper)              Turns: 73, Time: 00:02:06

Health: -76/249    AC:  6    Str: 14    XL:     27
Magic:  19/54      EV: 35    Int: 16    God:    Makhleb [******]
Gold:   0          SH:  8    Dex: 22    Spells: 80/80 levels left

rFire    . . .     SeeInvis .   c - +∞ Axe of Woe
rCold    + . .     Gourm    .   (shield currently unavailable)
rNeg     . . .     Faith    .   b - +0 leather armour
rPois    .         Spirit   .   (helmet unavailable)
rElec    .         Reflect  .   (no cloak)
rCorr    .         Harm     .   (no gloves)
MR       ++...     NoTele   +   (no boots)
Stlth    +++++++++.             (no amulet)
HPRegen  11.51/turn             (no ring)
MPRegen  0.34/turn              (no ring)

@: no status effects
A: horns 3, large bone plates 3, cold resistance 1, foul stench 2, passive
freeze, powered by death 3, rot immunity, freezing cloud immunity
a: Minor Destruction, Lesser Servant of Makhleb, Major Destruction, Greater
Servant of Makhleb, Renounce Religion


You were in the Dungeon.
You worshipped Makhleb.
Makhleb was exalted by your worship.
You were not hungry.

You visited 1 branch

Inventory:

Hand Weapons
 a - a +0 hand axe
 c - the +∞ Axe of Woe (weapon)
   (You found it in the Dungeon)
Missiles
 e - 5 tomahawks of dispersal (quivered)
Armour
 b - a +0 leather armour (worn)
Scrolls
 B - 2 scrolls of blinking
Potions
 h - a potion of heal wounds {@q1}
 j - 2 potions of magic
 k - a potion of berserk rage
 H - a potion of haste {@q5}
 Q - a potion of curing {@q2}
Comestibles
 z - a ration


   Skills:
 O Level 27 Fighting
 O Level 27 Axes
 O Level 27 Throwing
 O Level 27 Armour
 O Level 27 Dodging
 O Level 27 Stealth
 O Level 27 Unarmed Combat
 O Level 27 Spellcasting
   Level 2.6 Translocations
 O Level 27 Invocations


You had 80 spell levels left.
You didn't know any spells.
Your spell library contained the following spells:

 Spells                   Type           Power        Failure   Level  Hunger
 Blink                    Tloc           N/A          1%          2    None
 Shroud of Golubria       Chrm/Tloc      ####......   1%          2    None
 Gell's Gravitas          Tloc           ####......   1%          3    None
 Lesser Beckoning         Tloc           ####......   1%          3    None
 Teleport Other           Tloc           ####....     1%          3    None
 Passage of Golubria      Tloc           N/A          5%          4    None


Dungeon Overview and Level Annotations

Branches:
Dungeon (1/1)

Altars:
Makhleb


Innate Abilities, Weirdness & Mutations

You have a pair of large horns on your head.
You are completely covered in large bone plates. (SH +8)
Your flesh is cold resistant. (rC+)
You frequently emit foul miasma when damaged in melee.
A frigid envelope surrounds you and freezes all who hurt you.
You regenerate a lot of health from kills.
You are immune to rotting.
You are immune to freezing clouds.


Message History

The meat berserker is engulfed in blazing flames.
You hear a shout!
The corpses meld into an agglomeration of writhing flesh!
You hear a shout! x2
A bag of meat comes into view. It is wielding a +9 war axe.
A meat berserker comes into view. It is wielding a +9 battleaxe.
You hear a shout!
A small abomination comes into view.
Health restored: 249 You hear a shout! x3
You block the meat berserker's attack.
You hear a shout!
The dread calls on the powers of darkness!
The bag of meat convulses!
Your body is wracked with pain!
The bag of meat convulses!
The meat berserker convulses!
The bag of meat convulses!
You hear a shout! x5
The sculptor of flesh hits you with a +9 great sword!!!!!
Ouch! That really hurt!
You die...

....# .......
..§.#....O...
O.o#........
###...#........
###...o..#............
#......Wx.....§....O....
....#..)§..............
.....#.)...%V.#.......#
.......@#))%.%#.......#
.....#zoO.).###.......##
#......x)))%).)).###....
##%......#).)).).._.....
#%....#.....))#.....#..
..###.......%%.#_.<._# .
..o.#.....%.#...O.#
.......#........_.....
...............###....


You could see a destroyer, a sculptor of flesh, a dread, 3 meat berserkers, a
small abomination, 4 bags of meat and a crawling corpse.

Vanquished Creatures
  2 hell beasts (D)
  A greater mummy (D)
  19 vampire knights (D)
  24 ogres (D)
  4 two-headed ogres (D)
  5 liches (D)
  74 orcs (D)
  4 skeletal warriors (D)
  6 large abominations (D)
  8 small abominations (D)
  7 crawling corpses (D)
154 creatures vanquished.

Vanquished Creatures (others)
  A crawling corpse (D)
1 creature vanquished.

Grand Total: 155 creatures vanquished

Notes
Turn   | Place    | Note
-------+----------+-------------------------------------------
     0 | D        | Found the +∞ Axe of Woe
     0 | D        | Redear the Demonspawn Warper began the quest for the Orb.
     0 | D        | Reached XP level 1. HP: 16/16 MP: 3/3
     4 | D        | Became a worshipper of Makhleb the Destroyer
     6 | D        | Noticed a bag of meat
     6 | D        | Noticed a bag of meat
     6 | D        | Noticed a bag of meat
     6 | D        | Noticed a bag of meat
     7 | D        | Noticed a bag of meat
     9 | D        | Killed a bag of meat
     9 | D        | Reached skill level 12 in Fighting
     9 | D        | Reached skill level 11 in Axes
     9 | D        | Reached skill level 11 in Throwing
     9 | D        | Reached skill level 11 in Armour
     9 | D        | Reached skill level 11 in Dodging
     9 | D        | Reached skill level 11 in Spellcasting
     9 | D        | Gained mutation: You are immune to rotting. [demonic
                  | ancestry]
     9 | D        | Reached XP level 2. HP: 39/39 MP: 3/14
     9 | D        | Gained mutation: You have a pair of small horns on your
                  | head. [demonic ancestry]
     9 | D        | Reached XP level 3. HP: 45/45 MP: 3/16
     9 | D        | Reached XP level 4. HP: 52/52 MP: 3/17
     9 | D        | Gained mutation: You are partially covered in large bone
                  | plates. (SH +4) [demonic ancestry]
     9 | D        | Reached XP level 5. HP: 58/58 MP: 3/19
     9 | D        | Gained mutation: You have a pair of horns on your head.
                  | [demonic ancestry]
     9 | D        | Reached XP level 6. HP: 65/65 MP: 3/20
     9 | D        | Reached XP level 7. HP: 71/71 MP: 3/22
     9 | D        | Gained mutation: You have a pair of large horns on your
                  | head. [demonic ancestry]
     9 | D        | Reached XP level 8. HP: 78/78 MP: 3/23
     9 | D        | Reached XP level 9. HP: 83/83 MP: 3/24
     9 | D        | Gained mutation: You regenerate a little health from kills.
                  | [demonic ancestry]
     9 | D        | Reached XP level 10. HP: 90/90 MP: 3/25
     9 | D        | Reached XP level 11. HP: 96/96 MP: 3/26
     9 | D        | Noticed a meat berserker
     9 | D        | Noticed a bag of meat
     9 | D        | Noticed a bag of meat
    10 | D        | Noticed a bag of meat
    11 | D        | Noticed a bag of meat
    11 | D        | Noticed a meat berserker
    11 | D        | Noticed a bag of meat
    12 | D        | Noticed a meat berserker
    13 | D        | Killed a bag of meat
    13 | D        | Reached * piety under Makhleb
    13 | D        | Reached skill level 14 in Fighting
    13 | D        | Reached skill level 13 in Axes
    13 | D        | Reached skill level 13 in Throwing
    13 | D        | Reached skill level 13 in Armour
    13 | D        | Reached skill level 13 in Dodging
    13 | D        | Reached skill level 13 in Spellcasting
    13 | D        | Gained mutation: You may emit foul miasma when damaged in
                  | melee. [demonic ancestry]
    13 | D        | Reached XP level 12. HP: 31/107 MP: 3/29
    13 | D        | Killed a bag of meat
    13 | D        | Reached skill level 15 in Fighting
    13 | D        | Reached skill level 14 in Axes
    13 | D        | Reached skill level 14 in Throwing
    13 | D        | Reached skill level 14 in Armour
    13 | D        | Reached skill level 14 in Dodging
    13 | D        | Reached skill level 14 in Spellcasting
    13 | D        | Gained mutation: You are mostly covered in large bone
                  | plates. (SH +6) [demonic ancestry]
    13 | D        | Reached XP level 13. HP: 34/116 MP: 3/31
    13 | D        | Killed a bag of meat
    13 | D        | Reached skill level 16 in Fighting
    13 | D        | Reached skill level 15 in Axes
    13 | D        | Reached skill level 15 in Throwing
    13 | D        | Reached skill level 15 in Armour
    13 | D        | Reached skill level 15 in Dodging
    13 | D        | Reached skill level 15 in Spellcasting
    13 | D        | Reached XP level 14. HP: 99/126 MP: 3/33
    13 | D        | Killed a bag of meat
    13 | D        | Reached ** piety under Makhleb
    13 | D        | Reached skill level 17 in Fighting
    13 | D        | Reached skill level 16 in Axes
    13 | D        | Noticed a bag of meat
    13 | D        | Noticed a bag of meat
    15 | D        | Killed a meat berserker
    15 | D        | Reached skill level 18 in Fighting
    15 | D        | Reached skill level 17 in Axes
    15 | D        | Reached skill level 17 in Throwing
    15 | D        | Reached skill level 17 in Armour
    15 | D        | Reached skill level 17 in Dodging
    15 | D        | Reached skill level 17 in Spellcasting
    15 | D        | Gained mutation: You are completely covered in large bone
                  | plates. (SH +8) [demonic ancestry]
    15 | D        | Reached XP level 15. HP: 138/138 MP: 4/36
    15 | D        | Noticed a meat berserker
    16 | D        | Killed a meat berserker
    16 | D        | Reached skill level 20 in Fighting
    16 | D        | Reached skill level 18 in Axes
    16 | D        | Reached skill level 18 in Throwing
    16 | D        | Reached skill level 18 in Armour
    16 | D        | Reached skill level 18 in Dodging
    16 | D        | Reached skill level 18 in Spellcasting
    16 | D        | Reached XP level 16. HP: 148/148 MP: 4/38
    16 | D        | Reached *** piety under Makhleb
    16 | D        | Reached skill level 19 in Axes
    16 | D        | Reached skill level 19 in Throwing
    16 | D        | Reached skill level 19 in Armour
    16 | D        | Reached skill level 19 in Dodging
    16 | D        | Reached skill level 19 in Spellcasting
    17 | D        | Killed a meat berserker
    17 | D        | Reached skill level 21 in Fighting
    17 | D        | Reached skill level 20 in Axes
    17 | D        | Reached skill level 20 in Throwing
    17 | D        | Reached skill level 20 in Armour
    17 | D        | Reached skill level 20 in Dodging
    17 | D        | Reached skill level 20 in Spellcasting
    17 | D        | Gained mutation: You regenerate health from kills. [demonic
                  | ancestry]
    17 | D        | Reached XP level 17. HP: 102/160 MP: 5/41
    17 | D        | Reached skill level 22 in Fighting
    17 | D        | Reached **** piety under Makhleb
    17 | D        | Reached skill level 21 in Axes
    17 | D        | Reached skill level 21 in Throwing
    17 | D        | Reached skill level 21 in Armour
    17 | D        | Reached skill level 21 in Dodging
    17 | D        | Reached skill level 21 in Spellcasting
    18 | D        | Reached skill level 23 in Fighting
    18 | D        | Reached skill level 22 in Axes
    18 | D        | Reached skill level 22 in Throwing
    18 | D        | Reached skill level 22 in Armour
    18 | D        | Reached skill level 22 in Dodging
    18 | D        | Reached skill level 22 in Spellcasting
    18 | D        | Gained mutation: You frequently emit foul miasma when
                  | damaged in melee. [demonic ancestry]
    18 | D        | Reached XP level 18. HP: 173/173 MP: 5/44
    18 | D        | Noticed a large bag of meat
    18 | D        | Noticed a meat berserker
    18 | D        | Noticed a meat berserker
    19 | D        | Reached skill level 24 in Fighting
    19 | D        | Noticed a meat berserker
    20 | D        | Noticed a meat berserker
    21 | D        | Noticed a meat berserker
    21 | D        | Noticed a meat berserker
    21 | D        | Noticed a meat berserker
    22 | D        | Noticed a meat berserker
    22 | D        | Noticed a meat berserker
    22 | D        | Killed a meat berserker
    22 | D        | Reached ***** piety under Makhleb
    22 | D        | Reached skill level 25 in Fighting
    22 | D        | Reached skill level 23 in Axes
    22 | D        | Reached skill level 23 in Throwing
    22 | D        | Reached skill level 23 in Armour
    22 | D        | Reached skill level 23 in Dodging
    22 | D        | Reached skill level 23 in Spellcasting
    23 | D        | Noticed a destroyer
    24 | D        | Noticed a meat berserker
    24 | D        | Noticed a large bag of meat
    25 | D        | Noticed a meat berserker
    25 | D        | Noticed a destroyer
    25 | D        | Killed a meat berserker
    25 | D        | Reached skill level 26 in Fighting
    25 | D        | Reached skill level 24 in Axes
    25 | D        | Reached skill level 24 in Throwing
    25 | D        | Reached skill level 24 in Armour
    25 | D        | Reached skill level 24 in Dodging
    25 | D        | Reached skill level 24 in Spellcasting
    25 | D        | Gained mutation: You regenerate a lot of health from kills.
                  | [demonic ancestry]
    25 | D        | Reached XP level 19. HP: 179/186 MP: 7/47
    25 | D        | Reached skill level 25 in Spellcasting
    26 | D        | Noticed a large bag of meat
    26 | D        | Killed a meat berserker
    26 | D        | Reached skill level 27 in Fighting
    26 | D        | Reached skill level 25 in Axes
    26 | D        | Reached skill level 25 in Throwing
    26 | D        | Reached skill level 25 in Armour
    26 | D        | Reached skill level 25 in Dodging
    26 | D        | Killed a meat berserker
    26 | D        | Reached skill level 26 in Axes
    26 | D        | Reached skill level 26 in Throwing
    26 | D        | Reached skill level 26 in Armour
    26 | D        | Reached skill level 26 in Dodging
    26 | D        | Reached skill level 26 in Spellcasting
    26 | D        | Reached XP level 20. HP: 197/197 MP: 7/50
    26 | D        | Killed a meat berserker
    26 | D        | Reached skill level 27 in Axes
    26 | D        | Reached skill level 27 in Throwing
    26 | D        | Reached skill level 27 in Armour
    26 | D        | Reached skill level 27 in Dodging
    26 | D        | Reached skill level 27 in Spellcasting
    26 | D        | Reached skill level 8 in Stealth
    26 | D        | Reached skill level 8 in Unarmed Combat
    26 | D        | Reached skill level 11 in Invocations
    26 | D        | Reached skill level 12 in Stealth
    26 | D        | Reached skill level 11 in Unarmed Combat
    26 | D        | Reached skill level 15 in Invocations
    27 | D        | Killed a large bag of meat
    27 | D        | Reached ****** piety under Makhleb
    27 | D        | Reached skill level 16 in Stealth
    27 | D        | Reached skill level 15 in Unarmed Combat
    27 | D        | Reached skill level 20 in Invocations
    27 | D        | Reached XP level 21. HP: 159/204 MP: 7/52
    27 | D        | Reached skill level 19 in Stealth
    27 | D        | Reached skill level 17 in Unarmed Combat
    27 | D        | Reached skill level 23 in Invocations
    27 | D        | Reached skill level 21 in Stealth
    27 | D        | Reached skill level 19 in Unarmed Combat
    27 | D        | Reached skill level 26 in Invocations
    27 | D        | Reached skill level 22 in Stealth
    27 | D        | Reached skill level 21 in Unarmed Combat
    27 | D        | Reached skill level 27 in Invocations
    27 | D        | Reached skill level 25 in Stealth
    27 | D        | Reached skill level 23 in Unarmed Combat
    27 | D        | Reached XP level 22. HP: 212/212 MP: 7/53
    28 | D        | Reached skill level 26 in Stealth
    28 | D        | Reached skill level 24 in Unarmed Combat
    28 | D        | Reached skill level 27 in Stealth
    28 | D        | Reached skill level 26 in Unarmed Combat
    28 | D        | Noticed a destroyer
    29 | D        | Reached skill level 27 in Unarmed Combat
    29 | D        | Gained mutation: Your flesh is cold resistant. (rC+)
                  | [demonic ancestry]
    29 | D        | Reached XP level 23. HP: 219/219 MP: 8/54
    31 | D        | Noticed a destroyer
    31 | D        | Reached XP level 24. HP: 227/227 MP: 8/54
    33 | D        | Reached XP level 25. HP: 234/234 MP: 9/54
    33 | D        | Noticed a destroyer
    33 | D        | Noticed a destroyer
    34 | D        | Noticed a destroyer
    34 | D        | Killed a destroyer
    34 | D        | Noticed a destroyer
    35 | D        | Gained mutation: You are immune to freezing clouds.
                  | [demonic ancestry]
    35 | D        | Reached XP level 26. HP: 242/242 MP: 9/54
    36 | D        | Killed a destroyer
    36 | D        | Killed a destroyer
    36 | D        | Killed a destroyer
    36 | D        | Gained mutation: A frigid envelope surrounds you and
                  | freezes all who hurt you. [demonic ancestry]
    36 | D        | Reached XP level 27. HP: 249/249 MP: 9/54
    36 | D        | Noticed a destroyer
    38 | D        | Noticed a destroyer
    39 | D        | Killed a destroyer
    39 | D        | Killed a destroyer
    39 | D        | Noticed a large bag of meat
    41 | D        | Noticed a destroyer
    41 | D        | Killed a destroyer
    42 | D        | Killed a large bag of meat
    42 | D        | Noticed a destroyer
    43 | D        | Killed a large bag of meat
    43 | D        | Killed a destroyer
    44 | D        | Killed a destroyer
    44 | D        | Killed a destroyer
    44 | D        | Noticed a destroyer
    45 | D        | Noticed a tyrant
    45 | D        | Noticed a tyrant
    45 | D        | Noticed a destroyer
    46 | D        | Killed a destroyer
    46 | D        | Killed a destroyer
    46 | D        | Noticed a destroyer
    47 | D        | Noticed a tyrant
    47 | D        | Noticed a destroyer
    49 | D        | Killed a tyrant
    49 | D        | Noticed a destroyer
    49 | D        | Noticed a destroyer
    50 | D        | Noticed a tyrant
    50 | D        | Killed a large bag of meat
    50 | D        | Noticed a tyrant
    51 | D        | Noticed an accursed
    52 | D        | Noticed a destroyer
    53 | D        | Killed a destroyer
    53 | D        | Killed a destroyer
    54 | D        | Killed a tyrant
    55 | D        | Killed a destroyer
    55 | D        | Killed a destroyer
    56 | D        | Killed a destroyer
    58 | D        | Killed a tyrant
    59 | D        | Killed a destroyer
    60 | D        | Noticed a meat beast
    62 | D        | Killed a tyrant
    62 | D        | Killed a tyrant
    64 | D        | Killed a meat beast
    67 | D        | Killed an accursed
    68 | D        | Noticed a meat beast
    69 | D        | Noticed a destroyer
    72 | D        | Noticed a dread
    72 | D        | Killed a meat beast
    72 | D        | Killed a destroyer
    73 | D        | Annihilated by a sculptor of flesh

Levels and vault maps discovered:
D:        meatsprint

Skill      XL: |  1  2  3  4  5  6  7  8  9 10 11 12 13 14 15 16 17 18 19 20 21 22 |
---------------+-------------------------------------------------------------------+-----
Fighting       | 12 14 15 16 18 20 21 23 26 27 | 27.0
Axes           | 11 13 14 15 17 18 20 22 24 26 27 | 27.0
Throwing       | 11 13 14 15 17 18 20 22 24 26 27 | 27.0
Armour         | 11 13 14 15 17 18 20 22 24 26 27 | 27.0
Dodging        | 11 13 14 15 17 18 20 22 24 26 27 | 27.0
Spellcasting   | 11 13 14 15 17 18 20 22 24 26 27 | 27.0
Stealth        | 16 25 27 | 27.0
Unarmed Combat | 15 23 27 | 27.0
Invocations    | 20 27 | 27.0
Translocations | |  2.6

Action                   |  1- 3 |  4- 6 |  7- 9 | 10-12 | 13-15 | 16-18 | 19-21 | 22-24 | 25-27 || total
-------------------------+-------+-------+-------+-------+-------+-------+-------+-------+-------++-------
Melee: Executioner's axe |     1 |       |       |     1 |     2 |     5 |     2 |     6 |    37 ||    54
Armor: Leather armour    |       |       |       |       |       |       |       |       |     1 ||     1
Dodge: Dodged            |       |       |       |     1 |       |     1 |       |       |     1 ||     3
Block: Other             |       |       |       |     1 |       |       |       |       |     1 ||     2

Table legend:
 A = Non-vault XP
 B = Vault XP
 C = Vault XP percentage of total XP
 D = Non-vault monster count
 E = Vault monster count
 F = Vault count percentage of total count
                 A         B        C        D         E       F
            +---------+---------+-------+---------+---------+-------
      Total | 2465468 | 1576060 |  39.0 |      74 |      73 |  49.7
            +---------+---------+-------+---------+---------+-------
          D | 2465468 | 1576060 |  39.0 |      74 |      73 |  49.7
            +---------+---------+-------+---------+---------+-------
